 Dungeon Crawl Stone Soup version 0.23-a0-641-g0a7f1ce553 (webtiles) character file.

11553 HereIgoKillingAgain the Grappler (level 11, -7/107 HPs)
             Began as a Troll Skald on Dec 30, 2018.
             Was a High Priest of Yredelemnul.
             Mangled by a five-headed hydra (9 damage)
             ... on level 11 of the Dungeon.
             The game lasted 00:19:49 (10236 turns).

HereIgoKillingAgain the Grappler (Troll Skald)     Turns: 10236, Time: 00:19:50

Health: -7/107     AC:  5    Str: 21    XL:     11   Next: 50%
Magic:  16/16      EV: 11    Int: 16    God:    Yredelemnul [*****.]
Gold:   604        SH:  0    Dex:  9    Spells: 15/19 levels left

rFire    . . .     SeeInvis .     - Unarmed
rCold    . . .     Gourm    +   (no shield)
rNeg     . . .     Faith    .   a - +0 robe
rPois    .         Spirit   .   (helmet restricted)
rElec    .         Reflect  .   (no cloak)
rCorr    +         Harm     .   (gloves unavailable)
MR       .....                  (boots unavailable)
Stlth    +.........             (no amulet)
HPRegen  0.67/turn              l - +2 ring of intelligence
MPRegen  0.15/turn              o - ring of resist corrosion

@: singing, slowed, drained, very slow
A: large, unfitting armour, claws 3, horns 1, clever 1, fast metabolism 3,
gourmand, regeneration 1, shaggy fur 1, tough skin 2
a: Recall Undead Slaves, Injury Mirror, Animate Dead, Drain Life, Enslave Soul,
Renounce Religion


You were on level 11 of the Dungeon.
You worshipped Yredelemnul.
Yredelemnul was extremely pleased with you.
You were not hungry.

You visited 1 branch of the dungeon, and saw 11 of its levels.

You collected 604 gold pieces.

Inventory:

Armour
 a - a +0 robe (worn)
Jewellery
 l - a +2 ring of intelligence (left claw)
 o - a ring of resist corrosion (right claw)
Wands
 k - a wand of flame (14)
 t - a wand of polymorph (10)
 w - a wand of iceblast (1)
Scrolls
 e - 6 scrolls of remove curse
 f - 2 scrolls of teleportation
 g - a scroll of magic mapping
 i - 3 scrolls of enchant armour
 r - a scroll of amnesia
Potions
 d - 2 potions of agility
 h - a potion of brilliance
 m - a potion of lignification
 s - a potion of invisibility
Comestibles
 c - 18 rations


   Skills:
 * Level 6.7(5.8) Fighting
 + Level 4.9(4.1) Dodging
 + Level 11.3(10.2) Unarmed Combat
 - Level 4.5(3.7) Spellcasting
 - Level 4.1(3.3) Charms
 - Level 5.1(4.2) Translocations


You had 15 spell levels left.
You knew the following spells:

 Your Spells              Type           Power        Failure   Level  Hunger
a - Song of Slaying       Chrm           ##......     7%          2    ##.....
b - Shroud of Golubria    Chrm/Tloc      ###.......   5%          2    ##.....

Your spell library contained the following spells:

 Spells                   Type           Power        Failure   Level  Hunger
 Infusion                 Chrm           ##..         4%          1    None
 Magic Dart               Conj           #...         17%         1    None
 Searing Ray              Conj           #.....       26%         2    ##.....
 Regeneration             Chrm/Necr      #.........   26%         3    ###....
 Spectral Weapon          Hex/Chrm       #.......     26%         3    ###....
 Dazzling Spray           Conj/Hex       #.....       45%         3    ###....
 Force Lance              Conj/Tloc      #.......     58%         4    ####...
 Fulminant Prism          Conj/Hex       #.........   86%         4    ####...
 Iskenderun's Mystic Bla  Conj           #.......     86%         4    ####...


Dungeon Overview and Level Annotations

Branches:
Dungeon (11/15)            Temple (0/1) D:6            Lair (0/6) D:10
    Orc (0/2) D:10

Altars:
Ashenzari
Kikubaaqudgha
Makhleb
Trog
Uskayaw
Vehumet
Xom
Yredelemnul
Beogh

Shops:
D:6 *


Innate Abilities, Weirdness & Mutations

You are too large for most types of armour.
You have claws for hands.
Your metabolism is lightning-fast.
You like to eat raw meat.
Your natural rate of healing is unusually fast.
You are covered in fur. (AC +1)
You have very tough skin. (AC +2)
You have a pair of small horns on your head.
Your mind is acute. (Int +2)


Message History

The adder bites you but does no damage. The adder barely misses you.
Unknown command.
You claw one of the four-headed hydra's heads off!
The three-headed hydra grows two more!
You mangle the five-headed hydra!!
The five-headed hydra is moderately wounded.
The five-headed hydra bites you.
The five-headed hydra closely misses you.
The five-headed hydra bites you! The five-headed hydra misses you.
The five-headed hydra closely misses you.
The adder bites you but does no damage. The five-headed hydra bites you!
* * * LOW HITPOINT WARNING * * *
The five-headed hydra bites you!
* * * LOW HITPOINT WARNING * * *
The five-headed hydra bites you.
* * * LOW HITPOINT WARNING * * *
The five-headed hydra bites you!
* * * LOW HITPOINT WARNING * * *
The five-headed hydra bites you!
You die...
Your body rises from the dead as a mindless zombie.

.. .... #. .. #.
#..# #. ..
..##.##..##≈ ...
.........≈≈ ....
$......#≈≈###...
####.....≈≈..#.≈≈.
...........≈≈≈# .
#..........S.≈#..≈≈
...|.......@D≈...#
.?..........##.##
###........#
#...###### #...#
#<))# ##.## ###


You could see a five-headed hydra and an adder.

Vanquished Creatures
  A two-headed ogre (D:9)
  An unseen horror (D:10)
  An orc knight (D:8)
  An orc sorcerer (D:8)
  2 hippogriffs
  The ghost of oberejnoburuli the Digger, an amateur OpEE (D:4)
  A wraith (D:11)
  2 yaks (D:9)
  A steam dragon (D:11)
  9 wargs (D:8)
  A porcupine (D:10)
  A water moccasin (D:9)
  An acid dragon (D:8)
  6 orc warriors
  3 black bears
  An eye of draining (D:6)
  3 ice beasts
  8 ogres
  A sky beast (D:10)
  4 phantoms
  3 centaurs
  4 crocodiles (D:10)
  A big kobold (D:9)
  5 bullfrogs
  4 scorpions
  11 killer bees
  16 wights
  4 crimson imps
  A quasit (D:10)
  9 orc priests
  4 centaur skeletons
  5 hounds
  4 jellies
  A bullfrog skeleton (D:11)
  13 orc wizards
  Jessica (D:2)
  6 iguanas
  6 worker ants
  Terence (D:2)
  A hound skeleton (D:8)
  A worker ant zombie (D:10)
  A gnoll (D:9)
  12 adders
  2 shadow imps
  An adder skeleton (D:9)
  5 worms
  6 dart slugs
  4 leopard geckos
  73 orcs
  4 bats
  2 giant cockroaches
  9 goblins
  5 hobgoblins
  16 jackals
  7 kobolds
  5 quokkas
  A ball python zombie (D:5)
  3 frilled lizards
  A jackal skeleton (D:4)
  3 quokka skeletons
  6 rats
316 creatures vanquished.

Vanquished Creatures (collateral kills)
  A yak (D:9)
  A porcupine (D:10)
  2 black bears (D:10)
  4 orc warriors
  A crocodile (D:10)
  A gnoll sergeant (D:9)
  3 killer bees (D:10)
  A wight (D:9)
  3 gnolls (D:9)
  9 orcs
  3 jackals (D:9)
29 creatures vanquished.

Vanquished Creatures (others)
  4 flying skulls
  A wight (D:10)
  A mummy (D:10)
  An orc (D:8)
  A plant (D:8)
8 creatures vanquished.

Grand Total: 353 creatures vanquished

Notes
Turn   | Place    | Note
-------+----------+-------------------------------------------
     0 | D:1      | HereIgoKillingAgain the Troll Skald began the quest for the
                  | Orb.
     0 | D:1      | Reached XP level 1. HP: 19/19 MP: 1/1
   294 | D:1      | Reached XP level 2. HP: 27/27 MP: 2/2
   418 | D:1      | Reached skill level 3 in Unarmed Combat
   577 | D:1      | You fall through a shaft!
   592 | D:2      | Reached XP level 3. HP: 20/33 MP: 3/3
   613 | D:2      | Found an ancient bone altar of Kikubaaqudgha.
   692 | D:2      | Reached skill level 4 in Unarmed Combat
   763 | D:2      | Reached XP level 4. HP: 38/41 MP: 4/4
   807 | D:2      | Noticed Terence
   817 | D:2      | Killed Terence
   842 | D:2      | Found a basalt altar of Yredelemnul.
   874 | D:2      | Became a worshipper of Yredelemnul the Dark
   916 | D:2      | Noticed Jessica
   925 | D:2      | Reached skill level 5 in Unarmed Combat
   929 | D:2      | Killed Jessica
   929 | D:2      | Reached XP level 5. HP: 26/48 MP: 5/5
  1470 | D:3      | Gained mutation: You have a pair of small horns on your
                  | head. [potion of mutation]
  1470 | D:3      | Gained mutation: Your mind is acute. (Int +2) [potion of
                  | mutation]
  1481 | D:3      | HP: 1/48 [orc priest/divine providence (15)]
  1607 | D:2      | Reached skill level 6 in Unarmed Combat
  1763 | D:3      | Reached * piety under Yredelemnul
  2082 | D:4      | Reached XP level 6. HP: 51/55 MP: 6/6
  2127 | D:4      | Reached skill level 7 in Unarmed Combat
  2207 | D:4      | Found a runed gate.
  2207 | D:4      | Found a runed gate.
  2207 | D:4      | Found a runed gate.
  2214 | D:4      | Noticed oberejnoburuli's ghost (amateur OpEE)
  2346 | D:3      | Learned a level 2 spell: Song of Slaying
  2349 | D:3      | Learned a level 2 spell: Shroud of Golubria
  2357 | D:4      | Reached skill level 8 in Unarmed Combat
  2357 | D:4      | Reached XP level 7. HP: 28/62 MP: 7/7
  2887 | D:5      | Entered Level 5 of the Dungeon
  2995 | D:5      | Reached skill level 1 in Translocations
  2998 | D:5      | Reached ** piety under Yredelemnul
  3089 | D:5      | Found a bloodstained altar of Trog.
  3139 | D:5      | Reached XP level 8. HP: 21/70 MP: 9/9
  3252 | D:5      | Found a radiant altar of Vehumet.
  3252 | D:5      | Found a shattered altar of Ashenzari.
  3254 | D:5      | Found a hide-covered altar of Uskayaw.
  3524 | D:4      | Killed oberejnoburuli's ghost
  3524 | D:4      | Reached skill level 9 in Unarmed Combat
  3979 | D:6      | Reached XP level 9. HP: 70/76 MP: 12/12
  4292 | D:6      | Found Xaufedgh's General Store.
  4441 | D:6      | Found a staircase to the Ecumenical Temple.
  4704 | D:7      | Reached *** piety under Yredelemnul
  5080 | D:7      | Reached skill level 10 in Unarmed Combat
  5889 | D:8      | Reached XP level 10. HP: 68/91 MP: 11/14
  6601 | D:8      | Reached **** piety under Yredelemnul
  6760 | D:8      | Noticed an orc knight
  6804 | D:8      | Killed an orc knight
  6865 | D:8      | Noticed an orc sorcerer
  6868 | D:8      | Paralysed by an orc sorcerer for 3 turns
  6879 | D:8      | Paralysed by an orc sorcerer for 7 turns
  6888 | D:8      | Killed an orc sorcerer
  7285 | D:8      | HP: 1/94 [orc warrior/+0 scimitar (11)]
  7502 | D:8      | Noticed an orc knight
  7644 | D:9      | Received a gift from Yredelemnul (4 flying skulls)
  7703 | D:9      | Found a roughly hewn altar of Beogh.
  7724 | D:9      | Reached skill level 5 in Fighting
  8309 | D:9      | Reached ***** piety under Yredelemnul
  8361 | D:9      | Reached skill level 5 in Translocations
  8373 | D:9      | Found a shimmering altar of Xom.
  8374 | D:9      | Found a burning altar of Makhleb.
  8467 | D:9      | Noticed a two-headed ogre
  8478 | D:9      | Killed a two-headed ogre
  8478 | D:9      | Reached XP level 11. HP: 47/104 MP: 16/16
  8946 | D:10     | Entered Level 10 of the Dungeon
  9113 | D:10     | Found a staircase to the Lair.
  9144 | D:10     | Received a gift from Yredelemnul (a mummy)
  9311 | D:10     | Reached skill level 11 in Unarmed Combat
  9509 | D:10     | Killed an unseen horror
  9707 | D:10     | Noticed a fire dragon
  9708 | D:10     | Found the +7 great mace "Firestarter" {inner flame, rF++}
  9842 | D:10     | Received a gift from Yredelemnul (a wight)
 10024 | D:10     | Found a staircase to the Orcish Mines.
 10233 | D:11     | Noticed a four-headed hydra
 10236 | D:11     | HP: 2/107 [five-headed hydra (13)]
 10236 | D:11     | Mangled by a five-headed hydra

Vault maps used:
D:1:      lemuel_arrival_funnel
D:2:      lemuel_crystal_altar, lemuel_crystal_altar, uniq_jessica, uniq_terence
D:3:      minmay_misc_feat_roman
D:4:      gammafunk_ghost_split, first_ration, moated_statue
D:5:      minitemple, marbit_many_paths
D:6:      minmay_temple_entry_poolview, serial_shops, nicolae_shop_waterfront
D:7:      serial_bayou_pond_a, grunt_ogre_cave
D:8:      lemuel_castle_with_subvaults
D:9:      grunt_temple_overflow_champion_of_chaos, special_room
D:10:     minmay_firetagon, minmay_lair_entry_grove, david_orc_4
D:11:     chequers_serial_rivers_small_b, minmay_misc_feat_x, evilmike_butchery

Skill      XL: |  1  2  3  4  5  6  7  8  9 10 11 |
---------------+----------------------------------+-----
Unarmed Combat | 3 4 5 6 8 9 10 11 | 11.3
Translocations | 1 2 4 5 |  5.1
Spellcasting   | 2 3 4 |  4.5
Charms         | 3 4 |  4.1
Dodging        | 2 4 |  4.9
Fighting       | 3 5 6 |  6.7

Action                   |  1- 3 |  4- 6 |  7- 9 | 10-12 || total
-------------------------+-------+-------+-------+-------++-------
Melee: Unarmed           |    77 |   155 |   297 |   420 ||   949
       Punch             |     1 |     2 |     9 |    16 ||    28
       Headbutt          |       |    10 |    43 |    67 ||   120
 Cast: Shroud of Golubri |       |       |     7 |    11 ||    18
       Song of Slaying   |       |       |     4 |    24 ||    28
Invok: Recall Undead Sla |       |       |       |     2 ||     2
Evoke: Wand              |       |       |     2 |    11 ||    13
  Use: Potion            |       |     7 |     2 |     5 ||    14
       Scroll            |       |       |    12 |     8 ||    20
 Stab: Sleeping          |     1 |       |       |       ||     1
       Distracted        |       |       |       |     1 ||     1
  Eat: Chunk             |     4 |    19 |    30 |    32 ||    85
       Ration            |       |       |     2 |     1 ||     3
Armor: Robe              |    21 |    53 |    41 |    93 ||   208
Dodge: Dodged            |    48 |    78 |   124 |   257 ||   507

Table legend:
 A = Non-vault XP
 B = Vault XP
 C = Vault XP percentage of total XP
 D = Non-vault monster count
 E = Vault monster count
 F = Vault count percentage of total count
                 A         B        C        D         E       F
            +---------+---------+-------+---------+---------+-------
      Total |   10618 |    5887 |  35.7 |     252 |      93 |  27.0
            +---------+---------+-------+---------+---------+-------
        D:1 |      30 |       0 |   0.0 |      16 |       0 |   0.0
        D:2 |     169 |      69 |  29.0 |      29 |       2 |   6.5
        D:3 |      96 |       0 |   0.0 |      22 |       0 |   0.0
        D:4 |     808 |     276 |  25.5 |      26 |       3 |  10.3
        D:5 |     578 |       0 |   0.0 |      11 |       0 |   0.0
        D:6 |    1915 |       0 |   0.0 |      36 |       0 |   0.0
        D:7 |     902 |     125 |  12.2 |      19 |       1 |   5.0
        D:8 |    1217 |    3071 |  71.6 |      27 |      34 |  55.7
        D:9 |    2507 |     428 |  14.6 |      37 |      25 |  40.3
       D:10 |    1725 |    1918 |  52.6 |      22 |      28 |  56.0
       D:11 |     671 |       0 |   0.0 |       7 |       0 |   0.0
            +---------+---------+-------+---------+---------+-------
